 Dungeon Crawl Stone Soup version 0.18.1-51-gd549091e01 (webtiles) character file.

11237 magog001 the Blocker (level 11, -4/97 HPs)
             Began as a Minotaur Fighter on July 7, 2020.
             Was a Priest of Nemelex Xobeh.
             Slain by a manticore (10 damage)
             ... on level 11 of the Dungeon.
             The game lasted 00:59:42 (12402 turns).

magog001 the Blocker (Minotaur Fighter)            Turns: 12402, Time: 00:59:45

Health: -4/97      AC: 15    Str: 24    XL:     11   Next: 46%
Magic:  19/19      EV:  9    Int:  7    God:    Nemelex Xobeh [***...]
Gold:   161        SH: 13    Dex: 10    Spells: 0 memorised, 10 levels left

rFire  . . .     SeeInvis .     z - +12 falchion "Fiariamo" {holy, +Blink}
rCold  . . .     Gourm    .     F - +3 chain mail {rPois}
rNeg   . . .     Faith    .     c - +0 shield
rPois  +         Spirit   .     H - +0 hat
rElec  +         Dismiss  .     s - +0 cloak
rCorr  .         Reflect  .     (no gloves)
SustAt .         Harm     .     w - +1 pair of boots
MR     .....                    p - amulet of magic regeneration
Stlth  ..........               M - ring of magical power
                                i - ring of poison resistance

@: not resistant to hostile enchantments, extremely unstealthy
A: retaliatory headbutt, horns 2, blurry vision 1, clever 1, deformed body,
mutation resistance 1, screaming 1, electricity resistance
a: Triple Draw, Renounce Religion, Evoke Blink


You were on level 11 of the Dungeon.
You worshipped Nemelex Xobeh.
Nemelex Xobeh was most pleased with you.
You were not hungry.

You visited 2 branches of the dungeon, and saw 12 of its levels.

You collected 579 gold pieces.
You spent 418 gold pieces at shops.

Inventory:

Hand Weapons
 a - a +2 war axe
 h - a +2 hunting sling of freezing
 v - a +0 hunting sling
 z - the +12 falchion "Fiariamo" (weapon) {holy, +Blink}
   (You found it on level 8 of the Dungeon)

   It has been blessed by the Shining One to cause great damage to the undead
   and demons.
   It lets you blink.
Missiles
 j - 3 javelins (quivered)
 k - 79 sling bullets
Armour
 c - a +0 shield (worn)
 s - a +0 cloak (worn)
 w - a +1 pair of boots (worn)
 F - a +3 chain mail of poison resistance (worn)
 H - a +0 hat (worn)
Jewellery
 i - a ring of poison resistance (left hand)
 p - an amulet of magic regeneration (around neck)
 J - an uncursed ring of positive energy
 M - a ring of magical power (right hand)
Wands
 m - a wand of flame (24/48)
 q - a wand of disintegration (10/24)
 C - a wand of digging (14/24)
 G - a wand of lightning (0/15)
 I - a wand of polymorph (8/24)
 L - a wand of flame (39/48)
 O - a wand of polymorph (8/24)
Scrolls
 n - 4 scrolls of teleportation
 o - a scroll of identify
 r - a scroll of noise
 t - 2 scrolls of recharging
 u - 3 scrolls of remove curse
 y - a scroll of magic mapping
 E - a scroll of blinking
 P - a scroll of random uselessness
 Q - a scroll of amnesia
Potions
 e - 3 potions of curing
 l - a potion of heal wounds
 A - 2 potions of brilliance
 D - a potion of cancellation
Miscellaneous
 b - a plain deck of escape
 g - an ornate deck of war
 B - a plain deck of destruction
 K - an ornate deck of summoning {drawn: 1}
 R - a plain deck of wonders {drawn: 1}
Comestibles
 d - 2 meat rations
 f - 9 bread rations
 x - 5 beef jerkies
 S - 2 chunks of flesh


   Skills:
 * Level 9.5 Fighting
 * Level 5.5 Long Blades
 - Level 7.8 Axes
 * Level 4.9 Slings
 + Level 0.4(2.7) Throwing
 * Level 11.2 Armour
 - Level 2.1 Dodging
 - Level 0.1 Stealth
 * Level 12.6 Shields
 - Level 1.2 Evocations


You had 10 spell levels left.
You didn't know any spells.

Dungeon Overview and Level Annotations

Branches:
Dungeon (11/15)            Temple (1/1) D:4            Lair (0/8) D:10
    Orc: D:9-12

Altars:
Ashenzari
Cheibriados
Dithmenos
Elyvilon
Fedhas
Gozag
Kikubaaqudgha
Makhleb
Nemelex Xobeh
Okawaru
Pakellas
Qazlal
Ru
Sif Muna
Trog
Vehumet
Xom
Yredelemnul
Zin
The Shining One

Shops:
D:4 }   D:8 (


Innate Abilities, Weirdness & Mutations

You reflexively headbutt those who attack you in melee.
You have a pair of horns on your head.
Scrolls take you a little longer to read.
Your mind is acute. (Int +2)
Armour fits poorly on your strangely shaped body.
You are somewhat resistant to further mutation.
You occasionally shout uncontrollably at your foes.
You are resistant to electric shocks.


Message History

Zapping:
q - a wand of disintegration (12/24)
Press: ? - help, Shift-Dir - straight line, f - manticore
Aim: a manticore (heavily wounded, chance to defeat MR: 52%)
The manticore resists with significant effort.
This wand has 11 charges left.
The manticore bites you but does no damage.
The manticore claws you!
* * * LOW HITPOINT WARNING * * *
You block the manticore's attack.
Evoke which item? (* to show all) (? for menu, Esc to quit)
Zapping:
q - a wand of disintegration (11/24)
Press: ? - help, Shift-Dir - straight line, f/p - manticore
Aim: a manticore (heavily wounded, chance to defeat MR: 52%)
The manticore resists with significant effort.
This wand has 10 charges left.
The manticore closely misses you. The manticore claws you.
* * * LOW HITPOINT WARNING * * *
The manticore claws you!
You die...
Your body disappears without a glow.

#....
###...
#.....
......#
.......##
........##
........<#
...<.....#
.......@.#
..?...H†.#
.........#
.......#.#
......#...
#..###
..#. ###
##. .


You could see a manticore.

Vanquished Creatures
  A necromancer (D:9)
  Pikel (D:7)
  An ugly thing (D:11)
  2 hill giants (D:10)
  A komodo dragon (D:10)
  2 trolls
  A two-headed ogre (D:8)
  2 flying skulls (D:9)
  A shadow (D:9)
  8 yaks (D:10)
  Eustachio (D:5)
  A wyvern (D:8)
  Menkaure (D:7)
  A naga (D:9)
  2 water moccasins (D:8)
  3 sky beasts
  2 ice beasts (D:8)
  2 black bears
  3 phantoms
  6 necrophages
  3 centaurs
  4 ogres
  A crocodile (D:7)
  2 big kobolds (D:8)
  5 giant frogs
  2 wyvern zombies (D:9)
  A wyvern skeleton (D:6)
  9 killer bees
  2 scorpions (D:8)
  A water moccasin skeleton (D:9)
  19 wights
  9 howler monkeys
  7 crimson imps
  4 centaur zombies
  4 giant frog zombies
  2 jellies
  Crazy Yiuf (D:6)
  5 centaur skeletons
  2 orc priests
  2 giant frog skeletons
  4 hounds
  Jessica (D:2)
  3 iguanas
  4 orc wizards
  6 worker ants
  Terence (D:2)
  2 hound zombies
  A hound skeleton (D:9)
  3 worker ant zombies (D:9)
  13 adders
  2 shadow imps
  A white imp (D:7)
  3 adder zombies
  4 adder skeletons
  4 worms
  2 dart slugs (D:1)
  4 giant geckos
  7 orcs
  4 giant cockroaches
  10 goblins
  6 hobgoblins
  17 jackals
  18 kobolds
  8 quokkas
  A ball python (D:3)
  7 bats
  5 giant newts
  A quokka zombie (D:6)
  5 rats
  A fungus (D:6)
275 creatures vanquished.

Vanquished Creatures (collateral kills)
  2 crimson imps (D:7)
2 creatures vanquished.

Vanquished Creatures (others)
  2 slaves (D:7)
  A scorpion (D:7)
  A giant frog (D:7)
  An adder zombie (D:7)
  An orc (D:7)
  9 plants (D:10)
15 creatures vanquished.

Grand Total: 292 creatures vanquished

Notes
Turn   | Place    | Note
--------------------------------------------------------------
     0 | D:1      | magog001 the Minotaur Fighter began the quest for the Orb.
     0 | D:1      | Reached XP level 1. HP: 19/19 MP: 0/0
   616 | D:1      | Reached skill level 4 in Shields
   616 | D:1      | Reached XP level 2. HP: 24/26 MP: 1/1
  1765 | D:2      | Reached XP level 3. HP: 28/31 MP: 2/2
  2116 | D:2      | Noticed Jessica
  2129 | D:2      | Killed Jessica
  2138 | D:2      | Reached XP level 4. HP: 34/40 MP: 3/3
  2320 | D:2      | Reached skill level 5 in Armour
  2340 | D:2      | Noticed Terence
  2349 | D:2      | Killed Terence
  2557 | D:3      | Reached skill level 5 in Shields
  3039 | D:3      | Reached XP level 5. HP: 46/46 MP: 4/4
  3058 | D:3      | Found a faded altar to an unknown god.
  3489 | D:4      | Found a sacrificial altar of Ru.
  3684 | D:4      | Noticed an ogre
  3693 | D:4      | Killed an ogre
  3693 | D:4      | Reached XP level 6. HP: 12/53 MP: 5/5
  3699 | D:4      | Reached skill level 6 in Shields
  4087 | D:4      | Found Mili's Gadget Boutique.
  4134 | D:4      | Bought a wand of disintegration (8/24) for 144 gold pieces
  4513 | D:4      | Found a staircase to the Ecumenical Temple.
  4792 | Temple   | Entered the Ecumenical Temple
  5148 | D:5      | Entered Level 5 of the Dungeon
  5162 | D:5      | Found a sparkling altar of Nemelex Xobeh.
  5267 | D:5      | Became a worshipper of Nemelex Xobeh the Trickster
  5302 | D:5      | Reached XP level 7. HP: 60/60 MP: 6/6
  5319 | D:5      | Noticed Eustachio
  5340 | D:5      | Killed Eustachio
  5389 | D:5      | Reached skill level 5 in Fighting
  5496 | D:5      | Received a gift from Nemelex Xobeh
  5531 | D:5      | Found an opulent altar of Gozag.
  5576 | D:5      | Found a radiant altar of Vehumet.
  5601 | D:5      | Reached skill level 7 in Shields
  5623 | D:5      | Found a deep blue altar of Sif Muna.
  5771 | D:5      | Reached skill level 5 in Axes
  6110 | D:5      | Identified Sif Muna's Volume of Moulding
  6127 | D:6      | Reached skill level 1 in Dodging
  6219 | D:6      | Reached XP level 8. HP: 56/70 MP: 7/7
  6315 | D:4      | Bought an ornate deck of summoning for 240 gold pieces
  6524 | D:6      | Reached skill level 1 in Evocations
  6532 | D:6      | Reached skill level 8 in Shields
  6591 | D:6      | Noticed Crazy Yiuf
  6595 | D:6      | Killed Crazy Yiuf
  6655 | D:6      | You fall through a shaft for 2 floors!
  6676 | D:8      | Found an oddly glowing altar of Pakellas.
  6699 | D:8      | Reached * piety under Nemelex Xobeh
  6752 | D:7      | Found a basalt altar of Yredelemnul.
  6786 | D:7      | Noticed Pikel
  6801 | D:7      | Killed Pikel
  6804 | D:7      | Reached skill level 9 in Shields
  6804 | D:7      | Reached XP level 9. HP: 53/78 MP: 8/8
  6821 | D:7      | Noticed Menkaure
  6831 | D:7      | Killed Menkaure
  7604 | D:6      | Found a deep blue altar of Sif Muna.
  7984 | D:7      | Found a blossoming altar of Fedhas.
  8328 | D:7      | Found a shadowy altar of Dithmenos.
  8507 | D:8      | Found Miniosy's Antique Weapon Emporium.
  8523 | D:8      | Gained mutation: Your mind is acute. (Int +2) [mutagenic meat]
  8524 | D:8      | Gained mutation: You occasionally shout uncontrollably at your foes. [mutagenic meat]
  8525 | D:8      | Gained mutation: Armour fits poorly on your strangely shaped body. [mutagenic meat]
  8526 | D:8      | Gained mutation: Scrolls take you a little longer to read. [mutagenic meat]
  8527 | D:8      | Gained mutation: You are resistant to electric shocks. [mutagenic meat]
  8529 | D:8      | Bought a runed hunting sling for 34 gold pieces
  8629 | D:8      | Reached skill level 10 in Shields
  8630 | D:8      | Reached skill level 1 in Slings
  8741 | D:8      | Reached ** piety under Nemelex Xobeh
  8768 | D:8      | Got a twisted falchion
  8773 | D:8      | Identified the +12 falchion "Fiariamo" {holy, +Blink} (You found it on level 8 of the Dungeon)
  8837 | D:8      | Reached skill level 1 in Long Blades
  8921 | D:8      | Received a gift from Nemelex Xobeh
  9212 | D:8      | Reached XP level 10. HP: 88/88 MP: 9/9
 10033 | D:8      | Reached skill level 11 in Shields
 10377 | D:9      | Found a shattered altar of Ashenzari.
 10428 | D:9      | Noticed a necromancer
 10468 | D:9      | Killed a necromancer
 10468 | D:9      | Reached skill level 10 in Armour
 10611 | D:9      | Reached skill level 12 in Shields
 10869 | D:9      | Reached XP level 11. HP: 92/97 MP: 10/10
 10880 | D:9      | Received a gift from Nemelex Xobeh
 10950 | D:10     | Entered Level 10 of the Dungeon
 11427 | D:10     | Reached skill level 5 in Long Blades
 11469 | D:10     | Noticed a hill giant
 11492 | D:10     | Killed a hill giant
 11667 | D:10     | Found a staircase to the Lair.
 11685 | D:10     | Reached *** piety under Nemelex Xobeh
 12034 | D:10     | Noticed a hill giant
 12047 | D:10     | Killed a hill giant
 12118 | D:10     | Received a gift from Nemelex Xobeh
 12377 | D:10     | Gained mutation: You are somewhat resistant to further mutation. [potion of mutation]
 12381 | D:11     | Noticed a green ugly thing
 12394 | D:11     | Killed a green ugly thing
 12402 | D:11     | Slain by a manticore

Skill      XL: |  1  2  3  4  5  6  7  8  9 10 11 |
---------------+----------------------------------+-----
Shields        | 4 5 6 7 9 10 12 | 12.6
Armour         | 4 5 6 8 9 10 11 | 11.2
Axes           | 3 4 5 6 7 |  7.8
Fighting       | 4 5 6 7 9 |  9.5
Dodging        | 1 2 |  2.1
Evocations     | 1 |  1.2
Slings         | 2 4 |  4.9
Long Blades    | 1 4 5 |  5.5
Throwing       | |  0.4
Stealth        | |  0.1

Action                   |  1- 3 |  4- 6 |  7- 9 | 10-12 || total
-------------------------+-------+-------+-------+-------++-------
Melee: War axe           |    73 |   170 |   249 |       ||   492
       Headbutt          |    14 |    31 |    49 |    55 ||   149
       Falchion          |       |       |    41 |   322 ||   363
 Fire: Hunting sling     |       |       |       |    24 ||    24
Throw: Javelin           |       |       |     2 |       ||     2
 Abil: Evoke Blink       |       |       |       |     1 ||     1
Evoke: Wand              |       |       |    12 |     4 ||    16
       Deck              |       |       |     4 |     4 ||     8
  Use: Potion            |       |     1 |    11 |     4 ||    16
       Scroll            |       |       |    11 |     7 ||    18
  Eat: Meat ration       |     1 |     1 |       |     1 ||     3
       Chunk             |       |     4 |    11 |     3 ||    18
       Beef jerky        |       |       |     1 |     1 ||     2
       Pizza             |       |       |     2 |     1 ||     3
       Fruit             |       |       |     2 |       ||     2
       Royal jelly       |       |       |     1 |       ||     1
Armor: Plate armour      |    65 |   130 |   100 |       ||   295
       Scale mail        |     5 |       |       |       ||     5
       Chain mail        |       |       |    57 |   200 ||   257
       Skin              |       |       |    19 |    10 ||    29
Dodge: Dodged            |    16 |    26 |    72 |   136 ||   250
Block: Shield            |    60 |   106 |   176 |   315 ||   657
